Map: 暮色之塔

Players

TheQuenster - Winner!

  • Race: Terran Terran
  • League: Platinum

shengy

  • Race: Zerg Zerg
  • League: Platinum

VOD

Have the link to the VOD?

Description

Time

  • Played on: Dec. 26, 2015, 4:56 p.m.
  • Length: 9:21
Show
View Real Time Build Order
Export as new Build Order

TheQuenster Terran - Winner!

Build Orders: Liberator Opening, Reaper Expand, MMM Bio 

Get SALT Encoding   

  12  0:01  SCV  
  13  0:13  SCV  
  14  0:18  Supply Depot  
  14  0:25  SCV  
  15  0:41  Barracks  
  15  0:43  SCV  
  15  0:46  Refinery  
  16  0:55  SCV  
  17  1:07  SCV  
  18  1:19  SCV  
  19  1:30  Reaper  
  19  1:31  Orbital Command  
  20  1:42  Command Center  
  20  1:51  Supply Depot  
  20  1:57  SCV  
  21  2:03  Barracks Reactor  
  21  2:09  SCV  
  22  2:21  SCV  
  23  2:24  Refinery  
  23  2:30  Factory  
  23  2:34  SCV  
  24  2:56  SCV  
  24  2:57  Marine  
  24  2:58  Marine  
  28  3:00  Orbital Command  
  27  3:06  Barracks  
  27  3:08  SCV  
  28  3:20  SCV  
  29  3:29  SCV  
  29  3:32  SCV  
  31  3:37  Hellion, Starport  
  31  3:38  Hellion  
  31  3:39  Barracks Tech Lab  
  35  3:42  SCV  
  35  3:44  SCV  
  36  3:49  Supply Depot  
  36  3:54  SCV, Barracks Reactor  
  37  3:56  SCV  
  37  3:57  Liberator  
  37  3:59  Hellion x2, Stimpack  
  42  4:06  SCV  
  42  4:08  SCV  
  44  4:11  Supply Depot  
  47  4:19  SCV  
  47  4:21  SCV  
  47  4:22  Hellion x2  
  53  4:30  Marine  
  54  4:33  SCV  
  55  4:39  SCV, Barracks  
  55  4:42  Engineering Bay x2, Refinery  
  55  4:44  Barracks Reactor  
  55  4:45  SCV  
  57  4:51  SCV  
  58  5:00  SCV  
  58  5:03  SCV  
  60  5:12  SCV  
  53  5:32  SCV x2, Marine x2  
  53  5:35  Factory Tech Lab  
  53  5:41  Terran Infantry Armor Level 1, Barracks, Terran Infantry Weapons Level 1  
  53  5:44  Supply Depot, SCV  
  53  5:46  Supply Depot, Command Center  
  54  5:51  Medivac x2, Barracks  
  54  5:52  Barracks, Marine x4  
  54  5:57  Refinery  
  62  6:05  Siege Tank, SCV x2, Marine  
  62  6:07  Armory  
  62  6:09  Supply Depot  
  68  6:17  SCV x2  
  70  6:22  Combat Shields  
  70  6:31  SCV x2  
  70  6:32  Marine x3  
  75  6:34  Barracks Tech Lab  
  75  6:35  Marine x2  
  75  6:36  Medivac  
  79  6:42  Barracks Reactor x2  
  79  6:43  SCV x2  
  81  6:53  Marauder  
  83  6:55  SCV  
  83  7:00  Orbital Command  
  84  7:01  Terran Vehicle Weapons Level 1  
  84  7:14  Marauder  
  86  7:19  Marauder, Marine x4  
  86  7:20  Siege Tank  
  86  7:21  Orbital Command, Marine x4  
  99  7:36  Marauder  
  101  7:49  Marine  
  101  7:50  Marine  
  101  7:51  Marine x2  
  101  8:39  Supply Depot, Refinery  
  101  8:40  Supply Depot  
  101  8:41  Supply Depot  
  101  8:42  Supply Depot  
  101  8:43  Refinery  
  101  8:52  Marauder, SCV x3  
  109  9:00  Marine x2  
  109  9:01  Marine x6  
  123  9:04  SCV x3  
Show
View Real Time Build Order
Export as new Build Order

shengy Zerg 

Build Orders: Hatch First 

Get SALT Encoding   

  12  0:01  Drone  
  13  0:12  Drone  
  14  0:17  Overlord  
  14  0:35  Drone  
  14  0:36  Drone x2  
  17  0:47  Drone  
  18  0:57  Hatchery  
  18  1:02  Drone  
  18  1:16  Spawning Pool  
  17  1:18  Drone  
  17  1:21  Drone  
  19  1:38  Drone  
  19  1:39  Extractor  
  19  1:44  Drone  
  20  1:51  Overlord  
  20  2:06  Zergling x2  
  21  2:10  Queen  
  21  2:14  Zergling x2  
  21  2:15  Hatchery  
  23  2:18  Zergling x2  
  24  2:28  Queen  
  25  3:05  Lair  
  25  3:24  Drone x4  
  25  3:25  Drone x2  
  31  3:29  Queen  
  33  3:35  Roach Warren  
  33  3:36  Drone x2  
  33  3:37  Extractor, Drone x2  
  33  3:40  Drone  
  36  3:48  Drone  
  37  3:49  Drone  
  38  3:56  Overlord  
  38  3:58  Drone  
  38  3:59  Drone  
  40  4:09  Drone x2  
  42  4:16  Glial Reconstitution  
  42  4:18  Overlord  
  42  4:19  Drone x2  
  42  4:20  Drone x2  
  42  4:22  Extractor  
  42  4:23  Drone  
  46  4:25  Drone  
  46  4:29  Evolution Chamber  
  46  4:34  Drone x2  
  46  4:37  Overlord  
  48  4:49  Drone  
  48  4:50  Hatchery  
  48  4:54  Roach x2  
  48  4:59  Roach  
  51  5:02  Roach  
  47  5:15  Roach x3  
  44  5:39  Drone  
  44  5:40  Drone x4  
  49  5:57  Roach x3  
  55  6:08  Drone x2  
  55  6:09  Drone x2  
  55  6:10  Drone  
  60  6:16  Drone x2  
  62  6:22  Drone x2  
  64  6:29  Drone x3  
  65  7:01  Spore Crawler  
  64  7:13  Roach  
  64  7:14  Roach x3  
  64  7:15  Spore Crawler  
  71  7:17  Ravager  
  71  7:21  Extractor  
  71  7:22  Extractor  
  70  7:24  Ravager x2  
  70  7:27  Overlord x4  
  70  7:28  Overlord  
  72  7:33  Extractor  
  71  7:37  Ravager  
  66  8:15  Baneling Nest, Spire  
  66  8:17  Drone x15  
  66  8:18  Drone x5  
  84  8:45  Queen  
  86  9:00  Overlord  
  76  9:07  Drone x16  
  76  9:08  Drone  
Tags
 
Add a new tag
Caveats
  • Supply blocks, unpowered buildings, or Contaminate may cause inaccurate times.
  • Supply counts are checked every 10 seconds.